AoeStats
← KR0N0S-

Pilgrims

508154829Analyzed
2v2 RM · 11d ago on Sep 21, 2026· 38m 57s· 4 players
Game mode
Random Map
Map size
Medium (4 player)
Population
200
Speed
Normal
Resources
Standard
Victory
Conquest
Starting age
Dark Age
Ending age
Imperial Age
RankedLock teamsTeams togetherTeam positionsShared explorationLock speedFull tech treeHidden civsTurbo modeCheats
Victory
Defeat
🇦🇷 Huns · Argentina
1009
+15
🇦🇷 Huns · Argentina
1000
+15
🇨🇱 Britons · Chile
1022
-17
🇨🇱 Mapuche · Chile
938
-13
KR0N0S-
5:07 Loom
13:19 Feudal Age
16:22 Double-Bit Axe
21:36 Champi Runner
23:12 Town Watch
22:58 Champi Runner
32:31 Castle Age
31:08 Forging
30:58 Scale Mail Armor
35:39 Castle Age
pattox17
4:58 Loom
10:13 Feudal Age
14:49 Double-Bit Axe
17:42 Forging
19:28 Fletching
24:17 Castle Age
26:44 Castle Age
28:47 Elite Skirmisher
29:24 Bodkin Arrow
30:31 Gold Mining
30:27 Fishing Lines
Igv1992
11:29 Feudal Age
14:17 Man-at-Arms
19:45 Arson
23:20 Castle Age
27:03 Medium Warships
27:54 Fletching
cosmefulanito
5:56 Loom
9:49 Feudal Age
13:21 Gold Mining
15:43 Castle Age
14:12 Double-Bit Axe
14:46 Fletching
15:43 Padded Archer Armor
16:42 Bow Saw
17:22 Bodkin Arrow
20:02 Horse Collar
23:34 Ballistics
23:16 Town Watch
32:25 Wheelbarrow
34:11 Leather Archer Armor
37:03 Imperial Age
38:24 Parthian Tactics
Connection lost

Rejoining the realm…

Still unreachable

The connection could not be restored.

Session expired

The server has moved on; the page needs a fresh start.